 Dungeon Crawl Stone Soup version 0.32-a0-799-g95e1662365 (webtiles) character file.

Game seed: 17079281218043620953

61 Griffin23 the Covered (level 3, -1/30 (33) HPs)
             Began as a Minotaur Fighter on Mar 21, 2024.
             Was a Follower of Yredelemnul.
             Killed by divine providence
             ... invoked by an orc priest
              (13 damage)
             ... on level 3 of the Dungeon.
             The game lasted 00:02:07 (1350 turns).

Griffin23 the Covered (Minotaur Fighter)            Turns: 1350, Time: 00:02:08

HP:   -1/30 (33)    AC:  7    Str: 22    XL:     3   Next: 83%
MP:   2/2           EV:  8    Int:  5    God:    Yredelemnul [*.....]
Gold: 120           SH:  4    Dex:  9    Spells: 2/2 levels left

rFire   . . .        a - +0 long sword
rCold   . . .        c - +0 buckler
rNeg    . . .        b - +0 scale mail
rPois   .            (helmet restricted)
rElec   .            (no cloak)
rCorr   .            (no gloves)
SInv    .            (no boots)
Will    .....        (no amulet) Stlth
                     p - ring of flight
HPRegen 0.25/turn    (no ring)
MPRegen 0.08/turn

%: no passive effects
@: flying, wreathed by umbra, drained
A: horns 2, retaliatory headbutt
a: Renounce Religion, Light the Black Torch, Recall Undead Harvest


You were on level 3 of the Dungeon.
You worshipped Yredelemnul.
Yredelemnul was noncommittal.
You visited 1 branch of the dungeon, and saw 3 of its levels.

You collected 120 gold pieces.

Inventory:

Hand Weapons
 a - a +0 long sword (weapon)
Armour
 b - a +0 scale mail (worn)
 c - a +0 buckler (worn)
Jewellery
 e - a ring of wizardry
 p - a ring of flight (left hand)
Wands
 n - a wand of mindburst (9)
 o - a wand of iceblast (4)
Scrolls
 f - 3 scrolls of teleportation {unknown}
 h - a scroll of poison {unknown}
 j - a scroll of blinking {unknown}
 k - 2 scrolls of enchant weapon {unknown}
 l - a scroll of identify {unknown}
 m - a scroll of vulnerability {unknown}
 q - a scroll of fog {unknown}
Potions
 d - a potion of might
 g - 2 potions of curing {unknown}
 i - 2 potions of attraction {unknown}


   Skills:
 + Level 4.2 Fighting
 + Level 3.3 Long Blades
 + Level 4.3 Armour
 + Level 4.2 Shields


You had 2 spell levels left.
You didn't know any spells.
Your spell library contained the following spells:

 Spells                   Type           Power      Damage    Failure   Level
 Slow                     Hex            0%         N/A       86%         1
 Confusing Touch          Hex            0%         N/A       99%         3
 Vampiric Draining        Necr           0%         2d6       99%         3


Dungeon Overview and Level Annotations

Branches:
Dungeon (3/15)

Altars:
Gozag
Yredelemnul


Innate Abilities, Weirdness & Mutations

You have a pair of horns on your head.
You reflexively headbutt those who attack you in melee.


Message History

You hit the orc priest but do no damage.
Your headbutt misses the orc priest.
The orc priest is severely wounded.
The orc hits you but does no damage.
You feel drained. The orc priest hits you with a +0 whip.
You hit the orc priest but do no damage.
The orc priest is severely wounded.
The orc hits you with a +2 morningstar of draining!
* * * LOW HITPOINT WARNING * * *
You feel drained. The orc priest closely misses you. The orc barely misses you.
The orc priest hits you but does no damage.
You swap places.
Your adder zombie bites the orc.
The orc barely misses your adder zombie.
The orc priest looks satisfied for a moment.
You swap places.
Your adder zombie bites the orc.
The orc barely misses your adder zombie.
The orc priest hits your adder zombie with a +0 whip.
You swap places.
Your adder zombie barely misses the orc.
The orc hits your adder zombie with a +2 morningstar of draining.
The orc priest closely misses your adder zombie.
There is an open door here.
Your adder zombie barely misses the orc.
The orc barely misses your adder zombie.
Something hits your adder zombie!
Your hobgoblin zombie misses the orc priest.
Your ball python zombie barely misses the orc priest. x2
The orc priest hits your ball python zombie with a +0 whip.
You are too injured to fight recklessly!
You swap places.
Your hobgoblin zombie hits the orc priest.
The orc priest invokes the aid of Beogh against you.
You barely resist. You completely miss the orc priest.
The orc priest is severely wounded.
Your hobgoblin zombie hits the orc priest.
The orc priest mumbles some strange prayers to Beogh against you.
Beogh smites you!
You die...
Your body rises from the dead as a mindless zombie.

..Z.Z#Z#....Z#Z#.........#
.....#.#.....#.#...#######
##..######Z.####...# ..###
#.Z### #...# ##Z.# ###Z.#
#...# ####
..######.Z######...# .....
....#.#.....#.#..#####.....?
....#.#....Z#.#.Zoooo.......
.....#.#....Z#.#@####.o.....
.....#.#.....#.#Z#.. .......
##..######..####.#.# #......
.Z### #..### #.#.# ......
##Z.# ###Z.# ##..# ......
.Z######.Z#######.### .....
####....Z...........# .....
###########......# #......#


You could see 2 orc priests, 2 orcs, a friendly ball python zombie and a
friendly hobgoblin zombie.

Vanquished Creatures
  2 adders
  2 dart slugs
  5 ball pythons
  2 giant cockroaches (D:2)
  6 goblins
  2 hobgoblins
  2 quokkas
  5 bats (D:1)
  6 frilled lizards
  5 kobolds
  6 rats
43 creatures vanquished.

Vanquished Creatures (others)
  An adder zombie (D:3)
1 creature vanquished.

Grand Total: 44 creatures vanquished

Notes
Turn   | Place    | Note
-------+----------+-------------------------------------------
     0 | D:1      | Griffin23 the Minotaur Fighter began the quest for the Orb.
     0 | D:1      | Reached XP level 1. HP: 19/19 MP: 0/0
   102 | D:1      | Reached XP level 2. HP: 27/27 MP: 1/1
   674 | D:2      | Reached XP level 3. HP: 29/33 MP: 2/2
   904 | D:2      | Found a faded altar of an unknown god.
  1011 | D:2      | Prayed at the altar of an unknown god.
  1011 | D:2      | Became a worshipper of Yredelemnul the Fallen
  1011 | D:2      | Reached * piety under Yredelemnul
  1148 | D:3      | Found an opulent altar of Gozag.
  1350 | D:3      | Killed from afar by an orc priest

Illustrated notes

Levels and vault maps discovered:
D:1:      lemuel_arrival_behind_the_door_large, layout_basic
D:2:      layout_rooms, hellmonk_ecumenical_altar_heavens_door
D:3:      layout_basic, grunt_gozag_statues,
          gammafunk_temple_overflow_forgotten, minivault_5,
          nicolae_houndstooth_variations

Skill      XL: |  1  2 |
---------------+-------+-----
Armour         | 4 |  4.3
Fighting       | 4 |  4.2
Long Blades    | 3 |  3.3
Shields        | 4 |  4.2

Action                     || total
---------------------------++-------
  Melee: Long sword        ||    99
         Headbutt          ||     8
 Armour: Scale mail        ||    85
  Dodge: Dodged            ||    56
  Block: Buckler           ||    31

Table legend: (Time is in decaauts)
 A = Elapsed time spent in this place.
 B = Non-inter-level travel time spent in this place.
 C = Inter-level travel time spent in this place.
 D = Time resting spent in this place.
 E = Time spent auto-exploring this place.
 F = Levels seen in this place.
 G = Mean time per level.
                   A        B        C        D        E       F      G
               +--------+--------+--------+--------+--------+-----+--------+
         Total |   1377 |   1299 |     78 |      0 |   1018 |   3 |  459.0 |
       Dungeon |   1377 |   1299 |     78 |      0 |   1018 |   3 |  459.0 |
               +--------+--------+--------+--------+--------+-----+--------+

Top non-repeatable levels by time:
     D:1: 660 daAuts
     D:2: 399 daAuts
     D:3: 316 daAuts
